 Dungeon Crawl Stone Soup version 0.23.0-3-gf3c87f2df8 (webtiles) character file.

Game seed: 13862149799296478792

55 Kisielow the Shooter (level 3, 0/27 HPs)
             Began as a Centaur Hunter on Feb 21, 2019.
             Succumbed to an adder's poison
             ... on level 2 of the Dungeon.
             The game lasted 00:02:35 (1444 turns).

Kisielow the Shooter (Centaur Hunter)               Turns: 1444, Time: 00:02:35

Health: 0/27       AC:  4    Str: 14    XL:     3   Next: 67%
Magic:  3/3        EV: 15    Int: 15    God:
Gold:   115        SH:  0    Dex: 15    Spells: 2/2 levels left

rFire    . . .     SeeInvis .   b - +0 short sword
rCold    . . .     Gourm    .   (no shield)
rNeg     . . .     Faith    .   c - +0 leather armour
rPois    .         Spirit   .   (no helmet)
rElec    .         Reflect  .   (no cloak)
rCorr    .         Harm     .   (no gloves)
MR       .....                  (no barding)
Stlth    ++........             (no amulet)
HPRegen  0.09/turn              (no ring)
MPRegen  0.08/turn              (no ring)

@: brilliant, agile, lethally poisoned (0 -> -3), very quick
A: large, hooves 3, blurry vision 1, deformed body, speed 2, frail 1, tough skin
3, wild magic 1
a: no special abilities


You were on level 2 of the Dungeon.
You were not hungry.

You visited 1 branch of the dungeon, and saw 2 of its levels.

You collected 115 gold pieces.

Inventory:

Hand Weapons
 a - a +1 shortbow
 b - a +0 short sword (weapon)
Missiles
 d - 30 arrows
Armour
 c - a +0 leather armour (worn)
Scrolls
 e - 2 scrolls of teleportation {unknown}
 h - a scroll of enchant armour {unknown}
 j - 2 scrolls of identify {unknown}
 n - a scroll of remove curse {unknown}
Potions
 l - a potion of brilliance
Comestibles
 f - a ration
 g - 4 chunks of flesh


   Skills:
 + Level 2.6 Fighting
 * Level 6.3 Bows
 + Level 1.9 Dodging
 - Level 0.4 Stealth


You had 2 spell levels left.
You didn't know any spells.
Your spell library was empty.

Dungeon Overview and Level Annotations

Branches:
Dungeon (2/15)

Altars:
Vehumet
The Shining One


Innate Abilities, Weirdness & Mutations

You have hooves in place of feet.
Armour fits poorly on your strangely shaped body.
You cover ground very quickly.
You have extremely tough skin. (AC +3)
Scrolls take you a little longer to read.
You are frail. (-10% HP)
Your spells are a little harder to cast, but a little more powerful.


Message History

* * * LOW HITPOINT WARNING * * *
You feel sick.
You see here an adder corpse.
You butcher the adder corpse.
* * * LOW HITPOINT WARNING * * *
You feel sick.
Things that are here:
a chunk of flesh; an adder skeleton
* * * LOW HITPOINT WARNING * * *
You feel sick.
Things that are here:
a chunk of flesh; an adder skeleton
There is a lethal amount of poison in your body!
* * * LOW HITPOINT WARNING * * *
You feel sick.
* * * LOW HITPOINT WARNING * * *
You feel sick.
* * * LOW HITPOINT WARNING * * *
You feel sick.
You die...

#................#..#..
###########..........#.......##.#
#.........##.####.####.#.........
#.#######.##....#.######.##)###.#
#.# ####.### #........#....# #.#
#.# #......###...####.###..###.#
#.# #...............#.# #..#...#
#.# #......####.###.#.# #..#.###
#.####......# #@# #.# #..#....
............####.# #.# #######.
..<............#.. #.#########.
...............#### #...........
...............# ############
#.[.........รท..# #...
#.......##.....# #.##
#...)...##.....##### #.#
#...............>..# #.#


There were no monsters in sight!

Vanquished Creatures
  2 adders (D:2)
  An ooze (D:1)
  4 dart slugs
  4 bats
  A giant cockroach (D:1)
  4 goblins
  4 hobgoblins
  A frilled lizard (D:1)
  2 kobolds (D:1)
  A rat (D:2)
24 creatures vanquished.

Notes
Turn   | Place    | Note
-------+----------+-------------------------------------------
     0 | D:1      | Kisielow the Centaur Hunter began the quest for the Orb.
     0 | D:1      | Reached XP level 1. HP: 17/17 MP: 1/1
   326 | D:1      | Reached XP level 2. HP: 24/24 MP: 2/2
  1100 | D:2      | Found a radiant altar of Vehumet.
  1187 | D:2      | Reached skill level 6 in Bows
  1264 | D:2      | Reached XP level 3. HP: 30/30 MP: 3/3
  1278 | D:2      | Found a glowing golden altar of the Shining One.
  1424 | D:2      | Gained mutation: Scrolls take you a little longer to read.
                  | [potion of mutation]
  1424 | D:2      | Gained mutation: You are frail. (-10% HP) [potion of
                  | mutation]
  1424 | D:2      | Gained mutation: Your spells are a little harder to cast,
                  | but a little more powerful. [potion of mutation]
  1437 | D:2      | HP: 1/27 [poisoned by an adder]
  1444 | D:2      | Succumbed to an adder's poison

Skill      XL: |  1  2 |
---------------+-------+-----
Bows           | 6 |  6.3
Fighting       | |  2.6
Dodging        | |  1.9
Stealth        | |  0.4

Action                   || total
-------------------------++-------
Melee: Short sword       ||    77
       Kick              ||    15
  Use: Potion            ||     5
  Eat: Chunk             ||     1
Armor: Leather armour    ||    26
Dodge: Dodged            ||    38
